Eve, lawful female dwarven Valkyrie ------- #-.....| ------ ---- ------ ###|.....| |....|############-..`| #......# # |.....| |..>..# |...| #|.<..|# ### |.....| |....|@ #|...| #|....|# # |.....| #......d###########|...| #------# # ---.--- #------# ----- ## # # ### # # # # # # # # # # # ### # h # # # # # # # # ############# ### # B ------- # # # -------------# # # # [][[[[| ---.---# # |...........|# ## # ### [[[[[[[[| |......##########-...........-# ----------|----# #..[[[[[[)[| |.....|# ### |...........|#####.%.>.)........|# .[[[[[[)[| |......# # |...........-# |...{.........|# ---------- ------- ##............|## ...............# ------------- --------------- Eve the Skirmisher Experience level: 3 Strength: 17 Dexterity: 15 Constitution: 17 Intelligence: 8 Wisdom: 10 Charisma: 8 Health: 0(32) Energy: 3(3) Def: 5 Gold: 0 Moves: 1172 Dungeon seed: bH14_hHe9m7jN9ki Game ID: Eve_1569481531 Your Inventory: Weapons a - a +1 long sword (weapon in hand) b - a +0 dagger (in quiver) i - a +0 orcish dagger Armor e - an uncursed +3 small shield (being worn) n - an uncursed +0 orcish helm (being worn) Comestibles c - an uncursed food ration f - an uncursed partly eaten lichen corpse h - 2 uncursed fortune cookies Scrolls l - a blessed scroll of blank paper o - an uncursed scroll of amnesia Spellbooks g - an uncursed spellbook of cause fear Potions d - an uncursed potion of gain level k - an uncursed potion of blindness Spells and supernatural/magical abilities: Name Level Category Fail Memory W - pray for help -- divine ? -- Your skills at the end: Fighting Skills Weapon Skills dagger [Basic] long sword [Basic] Spellcasting Skills Final Attributes: You were piously aligned. You were cold resistant. You had infravision. You were stealthy. You are dead. Vanquished creatures: a large kobold a green mold 3 jackals a kobold a goblin 5 sewer rats a grid bug 4 lichens a newt 18 creatures vanquished. Voluntary challenges: You followed a strict vegan diet. You were an atheist. You used a wielded weapon 16 times, starting on turn 122. You were illiterate. You never genocided any monsters. You never polymorphed an object. You never changed form. You used no wishes. You never split a pudding. You never wrote Elbereth's name. You never violated your personal moral code. Dungeon overview: The Dungeons of Doom: levels 1 to 3 Level 1 an altar to Loki a long staircase Level 2 Level 3 <- You were here an armor shop, a fountain stairs to The Gnomish Mines The Gnomish Mines: Level 4 stairs to The Dungeons of Doom History has recorded: On T:1 you entered the Dungeons of Doom to retrieve the Amulet of Yendor! On T:266 you reached level 2 of The Dungeons of Doom. On T:519 you reached level 3 of The Dungeons of Doom. On T:625 you advanced to experience level 2. On T:840 you advanced to experience level 3. On T:1035 you reached level 1 of The Gnomish Mines. Score breakdown: Gold: 0 ( 0 points) Experience: 3 levels ( 7878 points) Exploration: 4 levels ( 8.16%) ( 7500 points) Discoveries: 1 item ( 0.41%) ( 1912 points) Valuables value: (no points given unless you survive) Artifact value: 0 ( 0 points) Variety of kills: 9 monsters ( 2.36%) ( 4610 points) Turncount: 1172 turns ( 0 points) Survival: died (score multiplied by 80%) Total score: 17520 Latest messages: You read: "Closed for inventory". You stop running. This door is locked. That door is closed. (8x) As you kick the door, it crashes open! "How dare you break my door?" Gaziantep zaps a brass wand! The magic missile hits you! The magic missile bounces! The magic missile hits you! The magic missile misses Gaziantep. Gaziantep zaps a wand of magic missile! The magic missile hits you! The magic missile bounces! The magic missile hits you! You displace your little dog. Gaziantep zaps a wand of magic missile! The magic missile hits the little dog! The magic missile hits you! You die... Gaziantep comes and takes all your possessions. Final status: Farvel Eve the Valkyrie, killed by a magic missile... You died in The Dungeons of Doom on dungeon level 3 with 17520 points, and 0 pieces of gold, after 1172 moves. You were level 3 with a maximum of 32 hit points when you died.